 Dungeon Crawl Stone Soup version 0.25.1-2-g60ff931df9 (webtiles) character file.

Game seed: 2688905280760274418

26964 pokeman the Eclecticist (level 13, -5/70 HPs)
             Began as a Deep Elf Wizard on Oct 25, 2020.
             Was a High Priest of Vehumet.
             Slain by Rupert
             ... wielding a +3 great sword of holy wrath
              (40 damage)
             ... on level 14 of the Dungeon.
             The game lasted 00:48:10 (17433 turns).

pokeman the Eclecticist (Deep Elf Wizard)          Turns: 17433, Time: 00:48:10

Health: -5/70      AC: 11    Str: 14    XL:     13   Next: 1%
Magic:  40/44      EV: 13    Int: 29    God:    Vehumet [*****.]
Gold:   654        SH:  7    Dex: 13    Spells: 20/44 levels left

rFire    + . .     SeeInvis .   h - +1 long sword of Instinct {flame, +Rage rPois rF+}
rCold    . . .     Gourm    .   H - +2 buckler
rNeg     . . .     Faith    +   s - +0 leather armour
rPois    +         Spirit   .   W - +1 helmet
rElec    .         Reflect  .   t - +0 cloak
rCorr    .         Harm     .   T - +2 pair of gloves "Xootaz" {Str+4}
MR       +....                  n - +0 pair of boots
Stlth    ++........             M - amulet of faith
HPRegen  0.21/turn              X - +6 ring of strength
MPRegen  0.29/turn              N - ring of magical power

@: no status effects
A: no striking features
a: Renounce Religion, Evoke Berserk Rage


You were on level 14 of the Dungeon.
You worshipped Vehumet.
Vehumet was extremely pleased with you.
You were hungry.

You visited 2 branches of the dungeon, and saw 15 of its levels.

You collected 930 gold pieces.
You spent 276 gold pieces at shops.

Inventory:

Hand Weapons
 h - the +1 long sword of Instinct (weapon) {flame, +Rage rPois rF+}
   (You found it on level 10 of the Dungeon)

   It has been specially enchanted to burn those struck by it, causing extra
   injury to most foes and up to half again as much damage against particularly
   susceptible opponents.
   Big, fiery blades are also staple armaments of hydra-hunters.
   It protects you from fire.
   It protects you from poison.
   It lets you go berserk.
 k - a +2 arbalest of freezing
Missiles
 x - 102 bolts
Armour
 n - a +0 pair of boots (worn)
 s - a +0 leather armour (worn)
 t - a +0 cloak (worn)
 H - a +2 buckler (worn)
 T - the +2 pair of gloves "Xootaz" (worn) {Str+4}
   (You found it on level 10 of the Dungeon)

   It affects your strength (+4).
 W - a +1 helmet (worn)
Jewellery
 i - the ring of the Demon Prince {+Fly rF+ rC+ Int+2, unknown}
   (You found it on level 13 of the Dungeon)

   [ring of protection from cold]

   It affects your intelligence (+2).
   It protects you from fire.
   It protects you from cold.
   It lets you fly.
 r - an uncursed ring of protection from cold
 M - an amulet of faith (around neck)
 N - a ring of magical power (right hand)
 X - a +6 ring of strength (left hand)
Wands
 b - a wand of clouds (3)
 m - a wand of iceblast (11)
 A - a wand of acid (15)
 D - a wand of disintegration (23)
 O - a wand of digging (4)
Scrolls
 f - 4 scrolls of immolation {unknown}
 g - 6 scrolls of remove curse {unknown}
 j - a scroll of vulnerability {unknown}
 l - 2 scrolls of blinking
 p - 2 scrolls of fear {unknown}
 v - 2 scrolls of random uselessness {unknown}
 B - 6 scrolls of teleportation
 G - 4 scrolls of magic mapping
Potions
 a - 2 potions of heal wounds
 c - 8 potions of curing
 e - a potion of invisibility
 U - 2 potions of haste
Miscellaneous
 S - a tin of tremorstones (3/3)
Comestibles
 d - 22 rations


   Skills:
 - Level 4.0 Fighting
 + Level 4.1 Armour
 - Level 3.0 Dodging
 - Level 3.0 Stealth
 - Level 4.0 Shields
 * Level 16.2 Spellcasting
 * Level 13.5 Conjurations
 - Level 1.1 Summonings
 - Level 1.1 Translocations
 + Level 9.5 Fire Magic
 - Level 1.0 Air Magic
 - Level 1.3 Earth Magic
 - Level 1.0 Poison Magic
 - Level 2.0 Evocations


You had 20 spell levels left.
You knew the following spells:

 Your Spells              Type           Power        Failure   Level  Hunger
a - Magic Dart            Conj           ####         0%          1    None
b - Mephitic Cloud        Conj/Pois/Air  ######..     1%          3    None
c - Call Imp              Summ           ####....     2%          2    None
d - Blink                 Tloc           N/A          2%          2    None
e - Conjure Flame         Conj/Fire      ######..     1%          3    None
f - Bolt of Magma         Conj/Fire/Erth ######....   1%          5    None
g - Shock                 Conj/Air       ####         1%          1    None
h - Apportation           Tloc           ####..       1%          1    None
i - Starburst             Conj/Fire      ######....   1%          6    ###....

Your spell library contained the following spells:

 Spells                   Type           Power        Failure   Level  Hunger
 Searing Ray              Conj           ######       0%          2    None
 Summon Small Mammal      Summ           ####         1%          1    None
 Dazzling Flash           Conj/Hex       ######       1%          3    None
 Fulminant Prism          Conj/Hex       ######....   1%          4    None
 Iskenderun's Mystic Bla  Conj/Tloc      ######..     1%          4    None
 Animate Skeleton         Necr           N/A          2%          1    None
 Corona                   Hex            ###....      2%          1    None
 Infusion                 Chrm           ###.         2%          1    None
 Ensorcelled Hibernation  Hex/Ice        ###...       3%          2    None
 Shroud of Golubria       Chrm/Tloc      ####..       3%          2    None
 Slow                     Hex            ###.....     3%          2    None
 Song of Slaying          Chrm           ###.....     3%          2    None
 Confusing Touch          Hex            ###.....     8%          3    None
 Ozocubu's Armour         Chrm/Ice       ###.....     8%          3    None
 Spectral Weapon          Hex/Chrm       ###.....     8%          3    None
 Tukima's Dance           Hex            ###.....     8%          3    None
 Yara's Violent Unravell  Hex/Tmut       ###.......   17%         5    None
 Cause Fear               Hex            ###.......   24%         4    None
 Silence                  Hex/Air        ####......   50%         5    None
 Discord                  Hex            ###.......   100%        8    ######.


Dungeon Overview and Level Annotations

Branches:
Dungeon (14/15)            Temple (1/1) D:6            Lair (0/6) D:10
    Orc (0/2) D:10
 Vaults: D:13-14

Altars:
Ashenzari
Cheibriados
Dithmenos
Elyvilon
Fedhas
Gozag
Hepliaklqana
Kikubaaqudgha
Makhleb
Nemelex Xobeh
Okawaru
Qazlal
Ru
Sif Muna
Trog
Uskayaw
Vehumet
Wu Jian
Xom
Yredelemnul
Zin
The Shining One

Shops:
D:4 *   D:6 *   D:7 *   D:10 ?

Annotations:
D:14 Rupert


Message History

You are confused.
Rupert roars wildly at you.
You are more confused.
You feel better.
The seven-headed hydra roars!
You hear a screech!
You hear a shout!
A centaur warrior skeleton comes into view.
Casting: Magic Dart (safe; 0% risk of failure)
Confirm with . or Enter, or press ? or * to list all spells.
You blink.
A troll and a skeletal warrior come into view.
Casting: Blink (safe; 2% risk of failure)
Confirm with . or Enter, or press ? or * to list all spells.
You blink.
Rupert roars madly and goes into a rage!
Rupert goes berserk!
Rupert hits you with a +3 great sword of holy wrath!!
Ouch! That really hurt!
Rupert hits you with a +3 great sword of holy wrath!!!
Ouch! That really hurt!
You die...

####### #.....# #.....# ###
#.....#
###.###############.....###
.....................$..'..
.##..#.########.@@Z.....###
..#..#.## ###..p..z...#
........# #...........##
........#####........T[...
#.#.>.......'...D..##......
.. .........####.....##
#..... .. ###.##..##
####.## #...# #. ####..#
#.## '# ##. #..# #..## .
##..


You could see Rupert (berserk), a seven-headed hydra, a vault guard, a skeletal
warrior, a troll and a centaur warrior skeleton.

Vanquished Creatures
  Nessos (D:13)
  3 hydras
  2 centaur warriors (D:14)
  6 two-headed ogres
  A tengu warrior (D:13)
  2 unseen horrors
  An ugly thing (D:13)
  3 centaur zombies
  Maurice (D:11)
  An efreet (D:13)
  A komodo dragon (D:14)
  3 yaktaurs (D:13)
  A tengu conjurer (D:13)
  3 trolls
  2 hornets
  3 hippogriffs
  Sigmund (D:5)
  2 shadows
  A basilisk (D:14)
  A wraith (D:12)
  22 yaks
  3 vampire mosquitoes (D:13)
  3 hungry ghosts
  An acid dragon (D:11)
  A black bear (D:8)
  2 phantoms
  3 ice beasts
  5 orc warriors
  A hornet zombie (D:9)
  3 ogres
  8 sky beasts
  5 necrophages
  14 centaurs
  4 big kobolds
  4 bullfrogs
  2 wyvern skeletons
  5 scorpions
  16 killer bees
  3 howler monkeys (D:10)
  8 crimson imps
  3 bullfrog zombies
  A quasit (D:12)
  3 jellies
  4 centaur skeletons
  7 orc priests
  5 hounds
  2 bullfrog skeletons
  4 iguanas
  10 orc wizards
  12 worker ants
  2 hound skeletons (D:5)
  A worker ant zombie (D:5)
  12 adders
  A gnoll (D:8)
  2 shadow imps
  An adder zombie (D:6)
  An ooze (D:2)
  4 adder skeletons
  2 worms (D:3)
  4 dart slugs
  7 leopard geckos
  43 orcs
  2 ball pythons
  5 giant cockroaches
  7 goblins
  7 hobgoblins
  10 jackals
  26 kobolds
  4 quokkas
  8 bats
  8 frilled lizards
  A jackal skeleton (D:5)
  2 leopard gecko zombies
  A quokka skeleton (D:5)
  7 rats
371 creatures vanquished.

Vanquished Creatures (collateral kills)
  A yaktaur (D:13)
  An ogre (D:8)
  A shadow imp (D:8)
3 creatures vanquished.

Vanquished Creatures (others)
  A centaur zombie (D:14)
1 creature vanquished.

Grand Total: 375 creatures vanquished

Notes
Turn   | Place    | Note
-------+----------+-------------------------------------------
     0 | D:1      | pokeman the Deep Elf Wizard began the quest for the Orb.
     0 | D:1      | Reached XP level 1. HP: 10/10 MP: 7/7
   201 | D:1      | Reached XP level 2. HP: 16/16 MP: 5/9
   815 | D:2      | Reached skill level 5 in Spellcasting
  1027 | D:2      | Reached XP level 3. HP: 20/20 MP: 4/11
  1032 | D:2      | Learned a level 3 spell: Mephitic Cloud
  1035 | D:2      | Learned a level 2 spell: Call Imp
  1038 | D:2      | Learned a level 2 spell: Blink
  1042 | D:2      | Learned a level 3 spell: Conjure Flame
  1374 | D:2      | Reached skill level 1 in Fighting
  1374 | D:2      | Reached skill level 1 in Armour
  1598 | D:2      | Reached XP level 4. HP: 25/25 MP: 7/13
  1812 | D:2      | Found an opulent altar of Gozag.
  1813 | D:2      | Found a shadowy altar of Dithmenos.
  1813 | D:2      | Found a glowing silver altar of Zin.
  2583 | D:3      | Reached skill level 6 in Spellcasting
  2583 | D:3      | Reached skill level 1 in Fire Magic
  2583 | D:3      | Reached XP level 5. HP: 18/29 MP: 1/15
  2807 | D:3      | Reached skill level 1 in Air Magic
  3452 | D:4      | Found Acikheok's Elemental Accessories.
  3636 | D:4      | Reached skill level 1 in Poison Magic
  3636 | D:4      | Reached XP level 6. HP: 23/34 MP: 8/17
  4261 | D:5      | Entered Level 5 of the Dungeon
  4276 | D:5      | Reached skill level 7 in Spellcasting
  4487 | D:5      | Noticed an ice beast
  4515 | D:5      | Killed an ice beast
  4515 | D:5      | Reached XP level 7. HP: 38/38 MP: 15/19
  4546 | D:5      | Noticed Sigmund
  4589 | D:5      | Killed Sigmund
  4589 | D:5      | Reached skill level 5 in Conjurations
  4862 | D:5      | Reached skill level 8 in Spellcasting
  5044 | D:5      | Reached XP level 8. HP: 44/44 MP: 17/22
  5576 | D:6      | Found an ornate altar of the Wu Jian Council.
  5703 | D:6      | Reached skill level 1 in Evocations
  5805 | D:6      | Found a staircase to the Ecumenical Temple.
  5820 | D:6      | Reached skill level 9 in Spellcasting
  5904 | Temple   | Entered the Ecumenical Temple
  6310 | D:6      | Found Suaga's Assorted Antiques.
  6496 | D:6      | Found a sparkling altar of Nemelex Xobeh.
  7039 | D:7      | Reached skill level 10 in Spellcasting
  7039 | D:7      | Reached XP level 9. HP: 48/48 MP: 17/25
  7181 | D:7      | Found Debaqemm's General Store.
  7188 | D:7      | Bought a scroll of identify for 30 gold pieces
  7188 | D:7      | Bought a scroll of magic mapping for 52 gold pieces
  7612 | D:8      | Noticed a two-headed ogre
  7632 | D:8      | Killed a two-headed ogre
  7632 | D:8      | Reached skill level 5 in Fire Magic
  7682 | D:8      | Reached skill level 11 in Spellcasting
  7800 | D:8      | Reached skill level 1 in Shields
  8232 | D:8      | Reached XP level 10. HP: 38/53 MP: 10/27
  8261 | D:8      | Found a radiant altar of Vehumet.
  8278 | D:8      | Became a worshipper of Vehumet
  8359 | D:8      | Learned a level 1 spell: Apportation
  8969 | D:8      | Noticed a two-headed ogre
  8992 | D:8      | Killed a two-headed ogre
  9144 | D:9      | Reached skill level 12 in Spellcasting
  9546 | D:9      | Found a hazy altar of Hepliaklqana.
  9742 | D:9      | Reached * piety under Vehumet
  9742 | D:9      | Offered knowledge of Shock by Vehumet.
  9749 | D:9      | Learned a level 1 spell: Shock
  9754 | D:9      | Reached skill level 10 in Conjurations
 10541 | D:10     | Entered Level 10 of the Dungeon
 10898 | D:10     | Reached skill level 13 in Spellcasting
 11070 | D:10     | Offered knowledge of Freeze by Vehumet.
 11184 | D:10     | Reached ** piety under Vehumet
 11274 | D:10     | Found a staircase to the Lair.
 11352 | D:10     | Got a pair of shimmering gloves
 11378 | D:10     | Reached XP level 11. HP: 48/57 MP: 30/30
 11399 | D:10     | Identified the +2 pair of gloves "Xootaz" {Str+4} (You
                  | found it on level 10 of the Dungeon)
 11434 | D:10     | Found a staircase to the Orcish Mines.
 11529 | D:10     | Got an ivory long sword
 11530 | D:10     | Identified the +1 long sword of Instinct {flame, +Rage
                  | rPois rF+} (You found it on level 10 of the Dungeon)
 11706 | D:10     | Found Viuwel's Magic Scroll Shoppe.
 11711 | D:10     | Bought a scroll of teleportation for 39 gold pieces
 11711 | D:10     | Bought a scroll of noise for 13 gold pieces
 11711 | D:10     | Bought a scroll of magic mapping for 45 gold pieces
 11711 | D:10     | Bought a scroll of blinking for 97 gold pieces
 12262 | D:11     | Noticed Maurice
 12271 | D:11     | Killed Maurice
 12561 | D:11     | Offered knowledge of Searing Ray by Vehumet.
 12761 | D:11     | Noticed a two-headed ogre
 12788 | D:11     | Killed a two-headed ogre
 12815 | D:11     | Reached *** piety under Vehumet
 12815 | D:11     | Reached skill level 14 in Spellcasting
 12932 | D:11     | Killed an unseen horror
 13714 | D:12     | Offered knowledge of Iskenderun's Mystic Blast by Vehumet.
 13861 | D:12     | Noticed an eight-headed hydra
 13898 | D:12     | Killed an eight-headed hydra
 14029 | D:12     | Noticed a seven-headed hydra
 14058 | D:12     | Killed a seven-headed hydra
 14223 | D:12     | Noticed a two-headed ogre
 14243 | D:12     | Killed a two-headed ogre
 14379 | D:12     | Reached **** piety under Vehumet
 14379 | D:12     | Reached XP level 12. HP: 49/64 MP: 17/32
 14584 | D:12     | Offered knowledge of Bolt of Magma by Vehumet.
 14591 | D:12     | Learned a level 5 spell: Bolt of Magma
 14737 | D:12     | Noticed a two-headed ogre
 14751 | D:12     | Killed a two-headed ogre
 15358 | D:13     | Reached skill level 15 in Spellcasting
 15375 | D:13     | Noticed Nessos
 15381 | D:13     | Killed Nessos
 15381 | D:13     | Reached skill level 1 in Earth Magic
 15513 | D:13     | Noticed a two-headed ogre
 15519 | D:13     | Killed a two-headed ogre
 15813 | D:13     | Found a bloodstained altar of Trog.
 15907 | D:13     | Got a bound ivory ring
 15909 | D:13     | Noticed a tengu warrior
 15928 | D:13     | Killed a tengu warrior
 16063 | D:13     | Reached ***** piety under Vehumet
 16122 | D:13     | Offered knowledge of Starburst by Vehumet.
 16130 | D:13     | Learned a level 6 spell: Starburst
 16828 | D:14     | Found a shimmering altar of Xom.
 16829 | D:14     | Noticed a centaur warrior
 16832 | D:14     | Killed a centaur warrior
 16832 | D:14     | Reached skill level 16 in Spellcasting
 16969 | D:14     | Found a shimmering altar of Xom.
 16969 | D:14     | Found a shimmering altar of Xom.
 16981 | D:14     | Found a shimmering altar of Xom.
 16981 | D:14     | Found a shimmering altar of Xom.
 16981 | D:14     | Found a shimmering altar of Xom.
 16981 | D:14     | Found a shimmering altar of Xom.
 17021 | D:14     | Noticed a five-headed hydra
 17095 | D:14     | Noticed a centaur warrior
 17101 | D:14     | Noticed a vault guard
 17104 | D:14     | Noticed a vault guard
 17109 | D:14     | Killed a centaur warrior
 17112 | D:14     | Killed a five-headed hydra
 17112 | D:14     | Reached XP level 13. HP: 19/70 MP: 28/35
 17424 | D:14     | Noticed Rupert
 17433 | D:14     | Slain by Rupert

Illustrated notes

Levels and vault maps discovered:
D:1:      scummos_arrival_hexagon, layout_basic
D:2:      layout_basic, chequers_temple_overflow_statue_of_worship
D:3:      layout_rooms, first_ration
D:4:      layout_basic, minmay_misc_feat_pillars, nicolae_elemental_shop,
          minmay_mini_jars
D:5:      cheibrodos_thug_alley, layout_cave_pools, serial_co_window_serial,
          co_window_of_opportunity_a, co_window_paths_b,
          co_window_of_opportunity_a, co_window_paths_a, co_window_paths_a,
          co_window_of_opportunity_a, co_window_corner_a,
          co_window_of_opportunity_a, co_window_paths_a, co_window_corner_b,
          co_window_2corner, co_window_2corner, co_window_of_opportunity_b,
          co_window_paths_d, uniq_sigmund
D:6:      layout_rooms, marbit_many_paths, nemelex_xobeh_ov_fountains_minmay,
          serial_shops, nicolae_shop_behind_doors, hangedman_decor_slide_cut
D:7:      layout_rooms, serial_shops, shop
D:8:      layout_basic, vehumet_altar_wand_db, grunt_ogre_cave, st_stairs_11
D:9:      layout_loops_ring, lemuel_round_altar
D:10:     layout_loops_ring, lair_entry_dummy, orc_0_dummy, serial_shops,
          nicolae_shop_trees
D:11:     nicolae_whirlpool, layout_basic, uniq_maurice
D:12:     layout_loops_ring
D:13:     layout_loops_cross, basic_altar, drop_trap, uniq_nessos
D:14:     layout_basic, lightli_vaults_fourway_checkpoint, xom_redecorated,
          uniq_rupert
Temple:   regret_index_temple_generic_petals

Skill      XL: |  1  2  3  4  5  6  7  8  9 10 11 12 |
---------------+-------------------------------------+-----
Spellcasting   | 5 6 7 8 10 11 13 14 16 | 16.2
Fighting       | 1 2 3 4 |  4.0
Armour         | 1 2 3 4 |  4.1
Conjurations   | 2 3 4 5 7 8 10 12 13 | 13.5
Fire Magic     | 1 2 3 4 5 7 8 9 |  9.5
Air Magic      | 1 |  1.0
Poison Magic   | 1 |  1.0
Dodging        | 3 |  3.0
Stealth        | 3 |  3.0
Evocations     | 2 |  2.0
Shields        | 1 3 4 |  4.0
Earth Magic    | 1 |  1.3
Summonings     | |  1.1
Translocations | |  1.1

Action                   |  1- 3 |  4- 6 |  7- 9 | 10-12 | 13-15 || total
-------------------------+-------+-------+-------+-------+-------++-------
Melee: Spear             |    17 |    51 |   114 |   105 |       ||   287
       Long sword        |       |       |       |   109 |       ||   109
 Cast: Magic Dart        |    85 |   126 |   213 |   205 |     1 ||   630
       Mephitic Cloud    |       |     6 |    21 |    46 |       ||    73
       Conjure Flame     |       |     3 |    13 |    74 |       ||    90
       Shock             |       |       |       |   128 |       ||   128
       Call Imp          |       |       |       |    21 |       ||    21
       Blink             |       |       |       |     8 |     2 ||    10
       Bolt of Magma     |       |       |       |    65 |     3 ||    68
       Apportation       |       |       |       |     1 |       ||     1
Evoke: Wand              |       |       |       |     2 |       ||     2
  Use: Scroll            |       |       |       |    11 |       ||    11
       Potion            |       |       |       |       |     1 ||     1
 Stab: Sleeping          |       |     1 |       |       |       ||     1
       Confused          |       |     2 |    11 |    10 |       ||    23
       Paralysed         |       |       |       |    10 |       ||    10
  Eat: Chunk             |     2 |     9 |     8 |    21 |       ||    40
       Ration            |       |       |     1 |     2 |       ||     3
Armor: Robe              |     9 |     1 |       |       |       ||    10
       Leather armour    |       |    12 |    21 |   113 |     1 ||   147
Dodge: Dodged            |    23 |    27 |    64 |   141 |       ||   255
Block: Other             |       |       |     4 |       |       ||     4
       Reflection        |       |       |     1 |       |       ||     1
       Buckler           |       |       |       |    43 |       ||    43
       Rpst.: Long sword |       |       |       |    22 |       ||    22
